 Dungeon Crawl Stone Soup version 0.27-a0-1186-g8b4daa1eef (webtiles) character file.

Game seed: 11412662087031617182

48 siradein the Poker (level 3, 0/27 HPs)
             Began as a Demonspawn Gladiator on May 20, 2021.
             Succumbed to a kobold's poison
             ... on level 3 of the Dungeon.
             The game lasted 00:04:15 (2411 turns).

siradein the Poker (Demonspawn Gladiator)           Turns: 2411, Time: 00:04:16

Health: 0/27       AC:  4    Str: 15    XL:     3   Next: 50%
Magic:  3/3        EV: 12    Int:  9    God:
Gold:   31         SH:  0    Dex: 14    Spells: 2/2 levels left

rFire    . . .     SeeInvis .   a - +0 trident
rCold    . . .     Faith    .   (no shield)
rNeg     . . .     Spirit   .   b - +0 leather armour
rPois    .         Reflect  .   c - +0 helmet
rElec    .         Harm     .   (no cloak)
rCorr    .         Rampage  .   (no gloves)
Will     .....                  (no boots)
Stlth    +.........             (no amulet)
HPRegen  0.09/turn              (no ring)
MPRegen  0.08/turn              (no ring)

@: lethally poisoned (0 -> -5)
A: powered by death 1
a: no special abilities


You were on level 3 of the Dungeon.
You visited 1 branch of the dungeon, and saw 3 of its levels.

You collected 31 gold pieces.

Inventory:

Hand Weapons
 a - a +0 trident (weapon)
Missiles
 d - 3 throwing nets (quivered)
Armour
 b - a +0 leather armour (worn)
 c - a +0 helmet (worn)
Jewellery
 f - an amulet of faith
Wands
 j - a wand of iceblast (8)
Scrolls
 h - a scroll of noise {unknown}
 i - a scroll of amnesia {unknown}
 k - a scroll of teleportation {unknown}
Potions
 g - a potion of mutation {unknown}
 l - a potion of curing {unknown}


   Skills:
 - Level 2.0 Fighting
 + Level 4.1 Polearms
 - Level 1.7 Throwing
 - Level 2.6 Dodging


You had 2 spell levels left.
You didn't know any spells.
Your spell library contained the following spells:

 Spells                   Type           Power      Damage    Failure   Level
 Animate Skeleton         Necr           0%         N/A       45%         1
 Apportation              Tloc           0%         N/A       45%         1
 Corona                   Hex            0%         N/A       45%         1
 Summon Small Mammal      Summ           0%         N/A       45%         1


Dungeon Overview and Level Annotations

Branches:
Dungeon (3/15)

Altars:


Innate Abilities, Weirdness & Mutations

You regenerate a little health from kills.


Message History

You feel sick. The kobold hits you but does no damage.
You feel sick.
The kobold throws a poisoned dart.
The poisoned dart barely misses you.
You reach to attack!
You closely miss the kobold.
The kobold is heavily wounded.
You feel sick.
The kobold throws a poisoned dart.
The poisoned dart hits you!
You are more poisoned.
You reach to attack!
You hit the kobold.
The kobold is severely wounded.
You feel very sick. The endoplasm barely misses you.
You hit the endoplasm.
The endoplasm is lightly wounded.
You feel sick.
The endoplasm hits you but does no damage.
You puncture the endoplasm!
You kill the endoplasm!
You feel sick.
The kobold throws a poisoned dart.
The poisoned dart hits you!
You are lethally poisoned!
You are too injured to fight recklessly!
You are too injured to fight recklessly!
You feel very sick. The kobold misses you.
You barely miss the kobold.
The kobold is severely wounded.
* * * LOW HITPOINT WARNING * * *
You feel very sick. The kobold hits you with a +0 dagger.
* * * LOW HITPOINT WARNING * * *
The kobold hits you with a +0 dagger.
* * * LOW HITPOINT WARNING * * *
You puncture the kobold!
You kill the kobold!
* * * LOW HITPOINT WARNING * * *
You feel sick.
There is a lethal amount of poison in your body!
* * * LOW HITPOINT WARNING * * *
You feel sick.
It was a potion of magic.
Magic courses through your body.
You die...

## .. ##. #.. ###
#.. ##.##
#..###########...##
#<).@.............#
##.###########...##
#. ##.## #. #.# #.
######.# #.
#......# ..
#.###### .# #.# #.#


There were no monsters in sight!

Vanquished Creatures
  4 dart slugs
  3 endoplasms
  A giant cockroach (D:1)
  3 goblins
  3 hobgoblins
  2 quokkas (D:1)
  5 ball pythons
  3 bats
  7 frilled lizards
  2 kobolds
  7 rats
40 creatures vanquished.

Notes
Turn   | Place    | Note
-------+----------+-------------------------------------------
     0 | D:1      | siradein the Demonspawn Gladiator began the quest for the
                  | Orb.
     0 | D:1      | Reached XP level 1. HP: 16/16 MP: 1/1
   265 | D:1      | Reached skill level 3 in Polearms
   475 | D:1      | Gained mutation: You regenerate a little health from kills.
                  | [demonic ancestry]
   475 | D:1      | Reached XP level 2. HP: 22/22 MP: 2/2
  1243 | D:1      | Reached XP level 3. HP: 27/27 MP: 3/3
  1547 | D:2      | Found a faded altar of an unknown god.
  1784 | D:2      | Reached skill level 4 in Polearms
  2410 | D:3      | HP: 1/27 [poisoned by a kobold]
  2411 | D:3      | Succumbed to a kobold's poison

Illustrated notes

Levels and vault maps discovered:
D:1:      lightli_arrival_farm, layout_basic, minmay_lizard_pond
D:2:      layout_loops_corners, ebering_ecumenical_altar_petrified
D:3:      layout_loops_ring, grunt_temple_overflow_lords_of_destruction,
          lemuel_crystal_altar, uniq_natasha, uniq_terence

Skill      XL: |  1  2  3 |
---------------+----------+-----
Polearms       | 3 4 |  4.1
Fighting       | |  2.0
Throwing       | |  1.7
Dodging        | |  2.6

Action                   || total
-------------------------++-------
Melee: Trident           ||   148
  Use: Potion            ||     1
 Stab: Sleeping          ||     1
Armor: Leather armour    ||    32
Dodge: Dodged            ||    66

Table legend: (Time is in decaauts)
 A = Elapsed time spent in this place.
 B = Non-inter-level travel time spent in this place.
 C = Inter-level travel time spent in this place.
 D = Time resting spent in this place.
 E = Time spent auto-exploring this place.
 F = Levels seen in this place.
 G = Mean time per level.
                   A        B        C        D        E       F      G
               +--------+--------+--------+--------+--------+-----+--------+
         Total |   2466 |   2345 |    121 |      0 |   2077 |   3 |  822.0 |
       Dungeon |   2466 |   2345 |    121 |      0 |   2077 |   3 |  822.0 |
               +--------+--------+--------+--------+--------+-----+--------+

Top non-repeatable levels by time:
     D:1: 1497 daAuts
     D:2: 919 daAuts
     D:3: 49 daAuts
